 Dungeon Crawl Stone Soup version 0.31-a0-1066-g35875b34c7 (webtiles) character file.

Game seed: 15863978676293654661

6185 MacCMillion the Nimble (level 10, -16/59 HPs)
             Began as a Deep Elf Conjurer on Nov 22, 2023.
             Was a Priest of Vehumet.
             Demolished by a polar bear (23 damage)
             ... on level 10 of the Dungeon.
             The game lasted 00:32:45 (14088 turns).

MacCMillion the Nimble (Deep Elf Conjurer)         Turns: 14088, Time: 00:32:45

Health: -16/59     AC:  9    Str:  4    XL:     10   Next: 60%
Magic:  1/19       EV: 16    Int: 28    God:    Vehumet [***...]
Gold:   443        SH:  0    Dex: 13    Spells: 7/19 levels left

rFire   x . .        o - +0 whip (venom)
rCold   + . .        (no shield)
rNeg    . . .        d - +1 robe {Will+}
rPois   .            (no helmet)
rElec   .            f - +0 cloak
rCorr   .            k - +0 pair of gloves
SInv    .            (no boots)
Will    ++...        (no amulet)
Stlth   ++           N - ring of ice
HPRegen 0.29/turn    D - +4 ring of protection
MPRegen 0.16/turn

%: no passive effects
@: no status effects
A: no striking features
a: Renounce Religion


You were on level 10 of the Dungeon.
You worshipped Vehumet.
Vehumet was most pleased with you.
You visited 2 branches of the dungeon, and saw 11 of its levels.
You also visited: Sewer.

You collected 513 gold pieces.
You spent 70 gold pieces at shops.

Inventory:

Hand Weapons
 c - a +0 dagger
 o - a +0 whip of venom (weapon)
 G - a +1 dagger of holy wrath
Missiles
 z - 3 throwing nets
Armour
 a - a +0 robe
 d - a +1 robe of willpower (worn)
 f - a +0 cloak (worn)
 k - a +0 pair of gloves (worn)
Jewellery
 y - a ring of positive energy
 D - a +4 ring of protection (right hand)
 F - a ring of resist corrosion
 H - a ring of willpower
 N - a ring of ice (left hand)
Wands
 w - a wand of charming (17)
 C - a wand of roots (13)
 J - a wand of quicksilver (14)
 K - a wand of digging (5)
 M - a wand of flame (4)
Scrolls
 i - 3 scrolls of enchant weapon
 j - 3 scrolls of vulnerability
 l - a scroll of fear
 m - a scroll of silence
 r - 11 scrolls of teleportation
 t - a scroll of revelation
 u - a scroll of poison
 E - 2 scrolls of fog {unknown}
 I - 2 scrolls of enchant armour {unknown}
 L - a scroll of blinking {unknown}
Potions
 b - a potion of magic
 e - 2 potions of brilliance
 g - a potion of ambrosia {unknown}
 h - 3 potions of lignification
 n - 2 potions of resistance
 p - 7 potions of might
 q - 3 potions of attraction
 s - a potion of degeneration {unknown}
 v - 3 potions of heal wounds
 x - a potion of haste {unknown}
 A - a potion of curing
 B - 2 potions of enlightenment


   Skills:
 - Level 5.0 Fighting
 - Level 10.0 Dodging
 - Level 2.4 Stealth
 - Level 5.0 Spellcasting
 - Level 9.0 Conjurations
 - Level 5.0 Hexes
 + Level 6.9 Ice Magic
 + Level 6.3 Air Magic


You had 7 spell levels left.
You knew the following spells:

 Your Spells              Type           Power      Damage    Failure   Level
a - Magic Dart            Conj           100%       1d8       1%          1
b - Searing Ray           Conj           100%       2d8       1%          2
c - Fulminant Prism       Conj/Hex       23%        3d12      1%          4
d - Freezing Cloud        Conj/Ice/Air   32%        6-21      2%          5

Your spell library contained the following spells:

 Spells                   Type           Power      Damage    Failure   Level
 Inner Flame              Hex/Fire       21%        N/A       1%          3
 Sandblast                Erth           14%        2d6       1%          1
 Dazzling Flash           Conj/Hex       92%        N/A       1%          3
 Stone Arrow              Conj/Erth      64%        3d11      1%          3
 Arcjolt                  Conj/Air       24%        1d34      2%          5
 Brom's Barrelling Bould  Conj/Erth      32%        2d5       3%          4
 Iskenderun's Mystic Bla  Conj/Tloc      32%        2d8       3%          4
 Cigotuvi's Dreadful Rot  Necr/Pois/Air  36%        N/A       4%          2
 Ignite Poison            Fire/Tmut/Pois 7%         N/A       5%          3
 Passwall                 Tmut/Erth      5%         N/A       10%         2
 Vhi's Electric Charge    Tloc/Air       48%        N/A       19%         4
 Animate Dead             Necr           7%         N/A       54%         4
 Plasma Beam              Fire/Air       12%        2x1d23    54%         6
 Haunt                    Necr/Summ      3%         N/A       100%        7
 Infestation              Necr           3%         N/A       100%        8


Dungeon Overview and Level Annotations

Branches:
Dungeon (10/15)            Temple (1/1) D:4            Lair (0/5) D:10
  Sewer (visited)
    Orc: D:9-12

Altars:
Cheibriados
Dithmenos
Elyvilon
Fedhas
Gozag
Hepliaklqana
Kikubaaqudgha
Makhleb
Nemelex Xobeh
Okawaru
Qazlal
Ru
Trog
Uskayaw
Vehumet
Wu Jian
Xom
Yredelemnul
Zin
The Shining One

Shops:
D:3 :   D:9 ?

Annotations:
D:2 Sigmund, Terence
D:5 exclusion: door
D:9 3 runed translucent doors, Fildev's ghost, novice SpCj


Message History

Confirm with . or Enter, or press ? or * to list all spells.
Aiming: Searing Ray (safe; 1% risk of failure)
Press: ? - help, Shift-Dir - straight line, p - polar bear
Okay, then.
Casting: Searing Ray (safe; 1% risk of failure)
Confirm with . or Enter, or press ? or * to list all spells.
Okay, then.
Casting: Searing Ray (safe; 1% risk of failure)
Confirm with . or Enter, or press ? or * to list all spells.
Okay, then.
The magic dart hits the polar bear but does no damage.
The polar bear is severely wounded.
The polar bear closely misses you. The polar bear completely misses you.
The polar bear claws you. The polar bear barely misses you. x2
The polar bear claws you.
The magic dart hits the polar bear but does no damage.
The polar bear is severely wounded.
The polar bear bites you!!
* * * LOW HITPOINT WARNING * * *
The polar bear claws you but does no damage. x2
You closely miss the polar bear.
The polar bear is severely wounded.
The polar bear bites you!
* * * LOW HITPOINT WARNING * * *
The polar bear misses you. The polar bear barely misses you. x2
The polar bear claws you but does no damage.
The polar bear closely misses you.
Unknown command.
You closely miss the polar bear.
The polar bear is severely wounded.
The polar bear misses you. The polar bear completely misses you.
The polar bear claws you but does no damage.
The polar bear bites you but does no damage.
The polar bear misses you. The polar bear claws you.
* * * LOW HITPOINT WARNING * * *
Unknown command.
You hit the polar bear.
The polar bear is almost dead.
The polar bear bites you!!
You die...

#.#.###.........#
.#...#.#........#
........D..###### .##.......~#
#######
~..........*~##########
#.....# #...........##
#......# #..#..#
#.......☼#§#####......#
#..#..# .....#.§§§§§.##......#
#..#..# ...#.....##Yh@......#
##.##.## k.#.....#####......#
#..#..#. #.#.....# #......#
#..#..#. #.#.....#
#......###..#..#. #.#######
####'##.....#.... #.#
#....######### #.#
####>)...<....
##.#######################..##
#.......†..........Y.........#


You could see a polar bear (berserk) and an ice beast.

Vanquished Creatures
  A rime drake (D:10)
  A hornet (D:10)
  A shadow (D:7)
  8 yaks
  A steam dragon (D:8)
  2 water moccasins (D:8)
  A sky beast (D:7)
  5 ice beasts
  6 orc warriors
  A wolf (D:10)
  2 ogres
  4 centaurs
  2 phantoms
  3 kobold brigands
  3 bullfrogs
  8 wights (D:9)
  11 killer bees
  A howler monkey (D:6)
  4 hounds
  3 jellies
  A gnoll bouda (D:6)
  5 orc priests
  An iguana (D:6)
  7 orc wizards
  A sleepcap (D:8)
  A human simulacrum (D:9)
  4 adders
  7 gnolls
  2 river rats (Sewer)
  A shadow imp (D:8)
  A white imp (D:8)
  2 ufetubi
  A worm (D:2)
  A dart slug (D:2)
  38 orcs
  9 ball pythons
  9 endoplasms
  7 giant cockroaches
  10 goblins
  17 hobgoblins
  4 jackals (D:2)
  5 quokkas
  8 bats
  3 frilled lizards
  27 kobolds
  10 rats
250 creatures vanquished.

Vanquished Creatures (others)
  A human simulacrum (D:9)
  A kobold (D:9)
  2 butterflies (D:9)
  50 fulminant prisms
54 creatures vanquished.

Grand Total: 304 creatures vanquished

Notes
Turn   | Place    | Note
-------+----------+-------------------------------------------
     0 | D:1      | MacCMillion the Deep Elf Conjurer began the quest for the
                  | Orb.
     0 | D:1      | Reached XP level 1. HP: 10/10 MP: 6/6
   212 | D:1      | Reached XP level 2. HP: 15/15 MP: 5/8
  1221 | D:2      | Noticed Terence
  1376 | D:2      | Reached XP level 3. HP: 19/19 MP: 6/10
  1426 | D:2      | Reached skill level 5 in Conjurations
  1923 | D:2      | Noticed Sigmund
  2517 | D:1      | Learned a level 2 spell: Searing Ray
  2693 | D:3      | Reached XP level 4. HP: 24/24 MP: 9/12
  2735 | D:3      | Found a glowing golden altar of the Shining One.
  2737 | D:3      | Found a glowing silver altar of Zin.
  2738 | D:3      | Found a stormy altar of Qazlal.
  2739 | D:3      | Found a burning altar of Makhleb.
  2740 | D:3      | Found a sparkling altar of Nemelex Xobeh.
  3026 | D:3      | Found Vashrigen's Book Boutique.
  3522 | D:4      | Reached skill level 5 in Spellcasting
  3569 | D:4      | Found a glowing drain.
  3578 | Sewer    | Entered a sewer
  3586 | Sewer    | Reached XP level 5. HP: 28/28 MP: 5/14
  3828 | Sewer    | Found a white marble altar of Elyvilon.
  4038 | D:4      | Found a staircase to the Ecumenical Temple.
  4072 | Temple   | Entered the Ecumenical Temple
  4079 | Temple   | Became a worshipper of Vehumet
  4458 | D:4      | Noticed a phantom
  4470 | D:4      | Killed a phantom
  4471 | D:4      | Reached XP level 6. HP: 22/32 MP: 1/15
  4741 | D:5      | Entered Level 5 of the Dungeon
  4975 | D:5      | Noticed a shadow
  5113 | D:5      | Noticed an ice beast
  5121 | D:5      | Learned a level 5 spell: Freezing Cloud
  5129 | D:5      | Killed an ice beast
  5130 | D:5      | Reached skill level 1 in Fighting
  5130 | D:5      | Reached skill level 3 in Dodging
  5130 | D:5      | Reached XP level 7. HP: 22/38 MP: 6/16
  5217 | D:5      | Found a basalt altar of Yredelemnul.
  5297 | D:5      | Learned a level 4 spell: Fulminant Prism
  5349 | D:5      | Reached skill level 4 in Dodging
  5349 | D:5      | Reached skill level 1 in Hexes
  6408 | D:6      | Reached skill level 5 in Dodging
  6457 | D:5      | Reached XP level 8. HP: 7/46 MP: 1/17
  7532 | D:6      | Reached * piety under Vehumet
  7532 | D:6      | Offered knowledge of Kiss of Death by Vehumet.
  7535 | D:6      | Reached skill level 6 in Dodging
  8350 | D:7      | Reached skill level 5 in Hexes
  9086 | D:7      | Reached ** piety under Vehumet
  9094 | D:7      | Offered knowledge of Static Discharge by Vehumet.
  9549 | D:8      | Reached skill level 7 in Dodging
  9549 | D:8      | Reached XP level 9. HP: 52/52 MP: 8/18
  9558 | D:8      | Reached skill level 1 in Ice Magic
  9558 | D:8      | Reached skill level 1 in Air Magic
 10332 | D:8      | Reached skill level 5 in Fighting
 10617 | D:9      | Offered knowledge of Mephitic Cloud by Vehumet.
 10720 | D:9      | Reached skill level 8 in Dodging
 10867 | D:9      | Found a shimmering altar of Xom.
 10876 | D:9      | Noticed Fildev's ghost (novice SpCj)
 11011 | D:9      | Found a runed translucent gate.
 11011 | D:9      | Found a runed translucent gate.
 11011 | D:9      | Found a runed translucent gate.
 11568 | D:9      | Reached skill level 9 in Dodging
 11568 | D:9      | Reached XP level 10. HP: 59/59 MP: 15/19
 11579 | D:9      | Reached skill level 5 in Ice Magic
 11823 | D:8      | Reached *** piety under Vehumet
 12119 | D:9      | Found a sacrificial altar of Ru.
 12206 | D:9      | Reached skill level 5 in Air Magic
 12487 | D:9      | Found Becwyloo's Magic Scroll Boutique.
 12494 | D:9      | Bought a scroll of identify for 28 gold pieces
 12494 | D:9      | Bought a scroll of teleportation for 42 gold pieces
 13134 | D:10     | Entered Level 10 of the Dungeon
 13442 | D:10     | Reached skill level 10 in Dodging
 13450 | D:9      | Offered knowledge of Inner Flame by Vehumet.
 14047 | D:10     | Found a staircase to the Lair.
 14088 | D:10     | Demolished by a polar bear

Illustrated notes

Levels and vault maps discovered:
D:1:      lemuel_arrival_behind_the_door_small, layout_loops_ring
D:2:      layout_basic, uniq_terence, uniq_sigmund
D:3:      layout_loops_ring, minitemple, serial_shops, nicolae_shop_statue_plus
D:4:      layout_loops_ring, minmay_temple_entry_slanted, portal_sewer_entry_d
D:5:      cheibrodos_two_vegetables, layout_basic,
          nicolae_overflow_crystal_walls
D:6:      layout_rooms
D:7:      corexii_shantytown, layout_basic
D:8:      layout_cave_pools
D:9:      layout_loops_ring, mainiacjoe_overflow_cross_hatched, xom_butterflies,
          gammafunk_ghost_icy, serial_shops, nicolae_shop_waterfront,
          bh_circular_ruins
D:10:     minmay_angry_zag, layout_basic, led_sif_pool, ashenzari_altar_1,
          hellmonk_lair_entry_icy, roderic_lattice_a,
          serial_library_regret_index_branch_corner
Temple:   nicolae_temple_x_marks_the_god

Skill      XL: |  1  2  3  4  5  6  7  8  9 10 |
---------------+-------------------------------+-----
Spellcasting   | 4 5 |  5.0
Conjurations   | 5 6 7 8 9 |  9.0
Fighting       | 1 3 4 5 |  5.0
Dodging        | 3 5 7 9 10 | 10.0
Hexes          | 3 5 |  5.0
Ice Magic      | 4 6 |  6.9
Air Magic      | 4 6 |  6.3
Stealth        | |  2.4

Action                     |  1- 3 |  4- 6 |  7- 9 | 10-12 || total
---------------------------+-------+-------+-------+-------++-------
  Melee: Whip              |     3 |       |     8 |     5 ||    16
         Punch             |       |       |     1 |       ||     1
   Cast: Magic Dart        |   104 |    56 |    90 |    20 ||   270
         Searing Ray       |       |    17 |    72 |    21 ||   110
         Fulminant Prism   |       |       |    26 |    24 ||    50
         Freezing Cloud    |       |       |       |     7 ||     7
    Use: Scroll            |       |       |       |    11 ||    11
 Armour: Robe              |     7 |    11 |    61 |    39 ||   118
  Dodge: Dodged            |    12 |     8 |    87 |    68 ||   175

Table legend: (Time is in decaauts)
 A = Elapsed time spent in this place.
 B = Non-inter-level travel time spent in this place.
 C = Inter-level travel time spent in this place.
 D = Time resting spent in this place.
 E = Time spent auto-exploring this place.
 F = Levels seen in this place.
 G = Mean time per level.
                   A        B        C        D        E       F      G
               +--------+--------+--------+--------+--------+-----+--------+
         Total |  14133 |  13230 |    903 |   4872 |   6143 |  12 | 1177.8 |
       Dungeon |  13716 |  12819 |    897 |   4737 |   5988 |  10 | 1371.6 |
        Temple |     14 |      8 |      6 |      0 |      0 |   1 |   14.0 |
         Sewer |    402 |    402 |      0 |    135 |    155 |   1 |  402.0 |
               +--------+--------+--------+--------+--------+-----+--------+

Top non-repeatable levels by time:
     D:5: 2445 daAuts
     D:9: 2157 daAuts
     D:8: 1728 daAuts
     D:1: 1436 daAuts
     D:7: 1433 daAuts
     D:2: 1219 daAuts
     D:6: 1106 daAuts
     D:4: 935 daAuts
     D:3: 751 daAuts
    D:10: 502 daAuts
   Sewer: 402 daAuts
  Temple: 14 daAuts
